 Dungeon Crawl Stone Soup version 0.22-a0-348-gd16d139 (webtiles) character file.

3135 Deathtrap2010 the Chopper (level 9, -4/68 HPs)
             Began as a Demonspawn Fighter on Apr 8, 2018.
             Was an Initiate of Ru.
             Slain by Erica
             ... wielding a +4 scimitar of flaming
              (5 damage)
             ... on level 8 of the Dungeon.
             The game lasted 00:24:10 (8268 turns).

Deathtrap2010 the Chopper (Demonspawn Fighter)      Turns: 8268, Time: 00:24:11

Health: -4/68      AC: 21    Str: 19    XL:     9   Next: 61%
Magic:  9/9        EV:  5    Int: 10    God:    Ru [......]
Gold:   274        SH: 10    Dex: 13    Spells: 8/8 levels left

rFire    . . .     SeeInvis .   a - +2 war axe
rCold    . . .     Gourm    .   c - +0 shield
rNeg     . . .     Faith    .   j - +1 plate armour
rPois    .         Spirit   .   (no helmet)
rElec    .         Reflect  .   d - +1 cloak
rCorr    .         Harm     .   u - +1 pair of gloves
MR       .....                  t - +2 pair of boots {Fly}
Stlth    +++.......             p - amulet of rage
HPRegen  0.21/turn              g - ring of stealth
MPRegen  0.11/turn              o - ring of stealth

@: flying
A: nightstalker 3, powered by death 1
a: Renounce Religion, Evoke Berserk Rage, Stop Flying


You were on level 8 of the Dungeon.
You worshipped Ru.
Ru was noncommittal.
You were not hungry.

You visited 2 branches of the dungeon, and saw 9 of its levels.

You collected 491 gold pieces.
You spent 217 gold pieces at shops.

Inventory:

Hand Weapons
 a - a +2 war axe (weapon)
Armour
 c - a +0 shield (worn)
 d - a +1 cloak (worn)
 j - a +1 plate armour (worn)
 t - a +2 pair of boots of flying (worn)
 u - a +1 pair of gloves (worn)
Jewellery
 g - a ring of stealth (left hand)
 o - a ring of stealth (right hand)
 p - an amulet of rage (around neck)
Scrolls
 b - a scroll of magic mapping
 k - 6 scrolls of identify
 n - a scroll of amnesia
Potions
 e - a potion of haste
 i - 5 potions of curing
 m - 2 potions of resistance
 q - 2 potions of agility
 r - a potion of brilliance
 s - 2 potions of heal wounds
Comestibles
 f - 12 rations


   Skills:
 * Level 5.2 Fighting
 * Level 7.9 Axes
 * Level 1.4 Throwing
 * Level 5.6 Armour
 - Level 4.2 Dodging
 - Level 2.3 Stealth
 * Level 5.2 Shields
 * Level 1.3 Unarmed Combat
 + Level 0.3 Evocations


You had 8 spell levels left.
You didn't know any spells.

Dungeon Overview and Level Annotations

Branches:
Dungeon (8/15)             Temple (1/1) D:6
   Lair: D:8-11

Altars:
Cheibriados
Dithmenos
Elyvilon
Fedhas
Gozag
Hepliaklqana
Kikubaaqudgha
Makhleb
Nemelex Xobeh
Okawaru
Qazlal
Ru
Sif Muna
Trog
Uskayaw
Wu Jian
Xom
Yredelemnul
Zin
The Shining One

Shops:
D:6 (}[(   D:7 *

Annotations:
D:8 Erica


Innate Abilities, Weirdness & Mutations

You are completely attuned to the shadows.
You regenerate a little health from kills.


Message History

* * * LOW HITPOINT WARNING * * *
Something burns you.
* * * LOW HITPOINT WARNING * * *
You slash something!
You hear some strange, mumbled words.
An orb of energy appears from out of thin air!
You block the orb of energy.
The orb of energy explodes!
Something hits you!
* * * LOW HITPOINT WARNING * * *
Something burns you.
* * * LOW HITPOINT WARNING * * *
You hear an angry hiss.
You closely miss something.
You hear some strange, mumbled words.
An orb of energy appears from out of thin air!
The orb of energy hits you!
* * * LOW HITPOINT WARNING * * *
The orb of energy explodes!
You closely miss something. Something hits you but does no damage.
You closely miss something. Something hits you.
You die...

###)#.... #.#....
########(##...
.......((.....
#....##.####.###......
+...... ...#.#######.#
#.%...# ##............
#.....#.####.#####.#)#
.....@{.........^.....
#....#######.#####...#
#................)....
#.....######.##.......
#...............[.....
#....####.............
###'## #....≈....≈..<
#.# #............. #.#
#...≈≈........


There were no monsters in sight!

Vanquished Creatures
  Psyche (D:8)
  The ghost of dialectric the Cudgeler, an amateur TrFi (D:5)
  A spriggan (D:8)
  An orc warrior (D:6)
  2 sky beasts (D:6)
  3 ice beasts
  A necrophage (D:8)
  5 ogres
  3 centaurs
  A bullfrog (D:7)
  A howler monkey (D:5)
  4 wights (D:7)
  An electric eel (D:8)
  2 crimson imps
  A bullfrog zombie (D:5)
  3 hounds
  A bullfrog skeleton (D:7)
  Crazy Yiuf (D:5)
  An orc priest (D:7)
  2 iguanas
  6 orc wizards
  Terence (D:3)
  2 worker ants
  A hound skeleton (D:5)
  A worker ant zombie (D:7)
  A howler monkey zombie (D:7)
  4 gnolls (D:2)
  8 adders
  2 shadow imps
  4 oozes
  3 worms
  5 dart slugs
  6 leopard geckos
  13 orcs
  8 bats
  7 giant cockroaches
  2 goblins
  3 hobgoblins
  7 jackals
  9 kobolds
  3 quokkas
  A ball python (D:6)
  6 frilled lizards
  A jackal skeleton (D:2)
  A leopard gecko skeleton (D:4)
  2 quokka skeletons
  2 quokka zombies
  7 rats
152 creatures vanquished.

Notes
Turn   | Place    | Note
-------+----------+-------------------------------------------
     0 | D:1      | Deathtrap2010 the Demonspawn Fighter began the quest for the Orb.
     0 | D:1      | Reached XP level 1. HP: 18/18 MP: 1/1
    45 | D:1      | Reached skill level 1 in Dodging
    46 | D:1      | Gained mutation: You are slightly more attuned to the shadows. [demonic ancestry]
    46 | D:1      | Reached XP level 2. HP: 24/24 MP: 2/2
   551 | D:1      | Gained mutation: You regenerate a little health from kills. [demonic ancestry]
   551 | D:1      | Reached XP level 3. HP: 29/29 MP: 3/3
  1259 | D:2      | Gained mutation: You are significantly more attuned to the shadows. [demonic ancestry]
  1259 | D:2      | Reached XP level 4. HP: 15/35 MP: 4/4
  1631 | D:2      | Found a snail-covered altar of Cheibriados.
  1859 | D:2      | Reached XP level 5. HP: 26/41 MP: 5/5
  2411 | D:3      | Reached skill level 2 in Axes
  2566 | D:3      | Noticed Terence
  2585 | D:3      | Killed Terence
  3678 | D:4      | Reached XP level 6. HP: 31/47 MP: 6/6
  3697 | D:4      | Reached skill level 3 in Axes
  3697 | D:4      | Reached skill level 1 in Stealth
  4339 | D:5      | Entered Level 5 of the Dungeon
  4360 | D:5      | Found a bloodstained altar of Trog.
  4480 | D:5      | Reached XP level 7. HP: 52/52 MP: 7/7
  4579 | D:5      | Reached skill level 4 in Axes
  4604 | D:5      | Found a burning altar of Makhleb.
  4604 | D:5      | Found a sacrificial altar of Ru.
  4612 | D:5      | Became a worshipper of Ru the Awakened
  4639 | D:5      | Found a stormy altar of Qazlal.
  4789 | D:5      | Noticed dialectric's ghost (amateur TrFi)
  4807 | D:5      | Killed dialectric's ghost
  4826 | D:5      | Found a runed door.
  4876 | D:5      | Noticed Crazy Yiuf
  4884 | D:5      | Killed Crazy Yiuf
  5090 | D:6      | Found Geusomal's Gadget Shoppe.
  5108 | D:6      | Found Nynam's Weapon Shop.
  5113 | D:6      | Reached XP level 8. HP: 60/60 MP: 8/8
  5158 | D:6      | Found Kiasoar's Antique Armour Shop.
  5246 | D:6      | Found Raddokk's Antique Weapon Emporium.
  5324 | D:6      | Bought a pair of glowing boots for 217 gold pieces
  5395 | D:6      | Reached skill level 5 in Axes
  5510 | D:6      | Found a deep blue altar of Sif Muna.
  5577 | D:6      | Found a staircase to the Ecumenical Temple.
  5592 | Temple   | Entered the Ecumenical Temple
  6383 | D:7      | Found an ornate altar of the Wu Jian Council.
  6526 | D:7      | Reached skill level 6 in Axes
  6527 | D:7      | Reached skill level 5 in Armour
  6560 | D:7      | Found an opulent altar of Gozag.
  6560 | D:7      | Found Gozag's Platinum Reserve.
  6900 | D:7      | Gained mutation: You are completely attuned to the shadows. [demonic ancestry]
  6900 | D:7      | Reached XP level 9. HP: 50/66 MP: 9/9
  6933 | D:7      | Found a deep blue altar of Sif Muna.
  6958 | D:7      | Identified Sif Muna's Catalogue of Conjuration
  7055 | D:7      | Reached skill level 7 in Axes
  7058 | D:7      | Found a hide-covered altar of Uskayaw.
  7370 | D:8      | Reached skill level 5 in Shields
  7407 | D:8      | Reached skill level 5 in Fighting
  7587 | D:8      | Reached skill level 1 in Throwing
  7616 | D:8      | Found a shimmering altar of Xom.
  7618 | D:8      | Found a hazy altar of Hepliaklqana.
  7619 | D:8      | Noticed a hell beast
  7620 | D:8      | Noticed a hell beast
  7620 | D:8      | Noticed a spectral ugly thing
  7660 | D:8      | Noticed Psyche
  7674 | D:8      | Paralysed by something for 7 turns
  7695 | D:8      | Killed Psyche
  7695 | D:8      | Reached skill level 1 in Unarmed Combat
  8157 | D:8      | Found a blossoming altar of Fedhas.
  8249 | D:8      | Noticed Erica
  8265 | D:8      | HP: 3/68 [something (3)]
  8266 | D:8      | HP: 1/68 [something/orb of energy (2)]
  8268 | D:8      | Slain by Erica

Vault maps used:
D:1:      zaba_arrival_water, minmay_close_crescents
D:2:      kennysheep_slug_shrine
D:3:      uniq_terence
D:5:      lightli_temple_of_fire, lemuel_round_altar,
          gammafunk_temple_overflow_elements, serial_glass, glass_columns_c,
          glass_columns_a, first_ration, uniq_crazy_yiuf_cottage
D:6:      lemuel_crystal_altar, minmay_temple_entry_glass, serial_shops,
          nicolae_shop_stone, nicolae_shop_waterfront, shop, shop_coins
D:7:      nicolae_gozag_zags_fifth_avenue, kennysheep_little_box,
          eat_drink_and_be_merry_uskayaw, led_sif_book
D:8:      regret_index_temple_of_mockery, fedhas_altar_2, the_bakery,
          nrook_uturn, uniq_psyche, uniq_erica
Temple:   nicolae_temple_figure_zero

Skill      XL: |  1  2  3  4  5  6  7  8  9 |
---------------+----------------------------+-----
Dodging        | 1 2 3 4 |  4.2
Axes           | 2 3 4 6 7 |  7.9
Shields        | 3 4 5 |  5.2
Armour         | 3 4 5 |  5.6
Stealth        | 1 2 |  2.3
Fighting       | 4 5 |  5.2
Throwing       | 1 |  1.4
Unarmed Combat | 1 |  1.3
Evocations     | |  0.3

Action                   |  1- 3 |  4- 6 |  7- 9 || total
-------------------------+-------+-------+-------++-------
Melee: War axe           |   111 |   297 |   334 ||   742
Invok: Reject Sacrifices |       |       |     1 ||     1
 Abil: Evoke Berserk Rag |       |       |     1 ||     1
  Use: Potion            |     5 |     5 |     5 ||    15
       Scroll            |     5 |     8 |     7 ||    20
 Stab: Sleeping          |       |       |     5 ||     5
  Eat: Ration            |     1 |     3 |     4 ||     8
Armor: Scale mail        |    35 |       |       ||    35
       Plate armour      |    35 |   269 |   261 ||   565
Dodge: Dodged            |    28 |    53 |    76 ||   157
Block: Shield            |    57 |   163 |   185 ||   405

Table legend:
 A = Spawn XP
 B = Non-spawn XP
 C = Spawn XP percentage of total XP
 D = Spawn monster count
 E = Non-spawn monster count
 F = Spawn count percentage of total count
 G = Total turns spent on level
                    A         B        C        D         E        F      G
               +---------+---------+-------+---------+---------+-------+---------
         Total |       0 |    4479 |   0.0 |       0 |     152 |   0.0 |  8268
               +---------+---------+-------+---------+---------+-------+---------
           D:1 |       0 |      47 |   0.0 |       0 |      21 |   0.0 |  1050
           D:2 |       0 |     161 |   0.0 |       0 |      34 |   0.0 |  1212
           D:3 |       0 |      72 |   0.0 |       0 |      12 |   0.0 |  1060
           D:4 |       0 |     334 |   0.0 |       0 |      13 |   0.0 |  1017
           D:5 |       0 |     793 |   0.0 |       0 |      22 |   0.0 |   748
           D:6 |       0 |     514 |   0.0 |       0 |      12 |   0.0 |  1101
           D:7 |       0 |    1435 |   0.0 |       0 |      27 |   0.0 |  1027
           D:8 |       0 |    1123 |   0.0 |       0 |      11 |   0.0 |   934
               +---------+---------+-------+---------+---------+-------+---------
